 Dungeon Crawl Stone Soup version 0.21.1-1-g345015f (webtiles) character file.

77 Matador8 the Poker (level 4, -1/33 HPs)
             Began as a Merfolk Skald on Apr 17, 2018.
             Slain by a bullfrog (6 damage)
             ... on level 2 of the Dungeon.
             The game lasted 00:08:15 (1323 turns).

Matador8 the Poker (Merfolk Skald)                  Turns: 1323, Time: 00:08:15

Health: -1/33      AC:  3    Str: 11    XL:     4   Next: 33%
Magic:  0/7        EV: 12    Int: 13    God:
Gold:   68         SH:  0    Dex: 13    Spells: 1/7 levels left

rFire    . . .     SeeInvis .   a - +0 spear
rCold    . . .     Gourm    .   (no shield)
rNeg     . . .     Faith    .   b - +0 leather armour
rPois    .         Spirit   .   (no helmet)
rElec    .         Reflect  .   (no cloak)
rCorr    .         Harm     .   (no gloves)
MR       .....                  (no boots)
Stlth    +.........             (no amulet)
HPRegen  0.11/turn              (no ring)
MPRegen  0.10/turn              (no ring)

@: infused
A: change form in water, swift swim, stealthy swim
a: no special abilities


You were on level 2 of the Dungeon.
You were not hungry.

You visited 1 branch of the dungeon, and saw 2 of its levels.

You collected 68 gold pieces.

Inventory:

Hand Weapons
 a - a +0 spear (weapon)
Armour
 b - a +0 leather armour (worn)
Scrolls
 i - a scroll of teleportation {unknown}
 j - a scroll of enchant weapon {unknown}
 k - a scroll of immolation {unknown}
Potions
 e - a potion of invisibility {unknown}
 g - a potion of berserk rage {unknown}
 h - a potion of agility {unknown}
 l - a potion of cancellation {unknown}
Books
 c - a book of Battle

   Spells                             Type                      Level
   a - Infusion                       Charms                       1
   b - Shroud of Golubria             Charms/Translocation         2
   c - Song of Slaying                Charms                       2
   d - Spectral Weapon                Hexes/Charms                 3
   e - Regeneration                   Charms/Necromancy            3
Comestibles
 d - 8 rations
 f - 4 chunks of flesh


   Skills:
 - Level 2.1 Fighting
 * Level 5.6 Polearms
 - Level 0.6 Armour
 - Level 2.6 Dodging
 - Level 2.0 Spellcasting
 + Level 4.1 Charms


You had one spell level left.
You knew the following spells:

 Your Spells              Type           Power        Failure   Level  Hunger
a - Infusion              Chrm           ##..         6%          1    ##.....
b - Shroud of Golubria    Chrm/Tloc      #.........   22%         2    ###....
c - Spectral Weapon       Hex/Chrm       #.......     41%         3    ####...


Dungeon Overview and Level Annotations

Branches:
Dungeon (2/15)

Altars:

Annotations:
D:2 Robin


Message History

Unknown command.
You hit the gnoll.
You kill the gnoll!
Your shroud bends the gnoll's attack away.
You hit the bullfrog.
The bullfrog is moderately wounded.
The bullfrog hits you! The gnoll barely misses you.
The bullfrog closely misses you.
You hit the bullfrog but do no damage.
The bullfrog is moderately wounded.
Your shroud unravels.
The gnoll barely misses you. The bullfrog barely misses you.
You hit the bullfrog but do no damage.
The bullfrog is moderately wounded.
The bullfrog hits you.
* * * LOW HITPOINT WARNING * * *
The gnoll hits you from afar with a spear.
* * * LOW HITPOINT WARNING * * *
The bullfrog hits you.
You die...

g# .# g#
######.#
#......
#.%...#
#.....#####
#.....g.F.#
#.....###@#
### #.....#
#.# #..
#######
#)## #. #.#
#..#
#..##.#
##(#
#....##
#.#####
#.รท.
#((...#
##.##
#####.#
#..## #.#
##.##


You could see a bullfrog and a gnoll.

Vanquished Creatures
  An adder (D:2)
  A gnoll (D:2)
  An ooze (D:2)
  A worm (D:2)
  A dart slug (D:1)
  A leopard gecko (D:2)
  3 giant cockroaches (D:1)
  12 goblins
  7 hobgoblins
  5 kobolds
  6 bats
  4 frilled lizards
  5 rats
48 creatures vanquished.

Notes
Turn   | Place    | Note
-------+----------+-------------------------------------------
     0 | D:1      | Matador8 the Merfolk Skald began the quest for the Orb.
     0 | D:1      | Reached XP level 1. HP: 16/16 MP: 3/3
   128 | D:1      | Reached XP level 2. HP: 15/22 MP: 1/5
   200 | D:1      | Learned a level 2 spell: Shroud of Golubria
   219 | D:1      | Reached skill level 4 in Polearms
   662 | D:1      | Reached XP level 3. HP: 24/27 MP: 6/6
   672 | D:1      | Learned a level 3 spell: Spectral Weapon
   943 | D:2      | Noticed Robin
  1025 | D:1      | Reached skill level 5 in Polearms
  1106 | D:2      | Reached XP level 4. HP: 16/33 MP: 0/7
  1312 | D:2      | Noticed a bullfrog
  1323 | D:2      | Slain by a bullfrog

Skill      XL: |  1  2  3 |
---------------+----------+-----
Polearms       | 4 5 |  5.6
Charms         | 4 |  4.1
Fighting       | |  2.1
Armour         | |  0.6
Dodging        | |  2.6
Spellcasting   | |  2.0

Action                   |  1- 3 |  4- 6 || total
-------------------------+-------+-------++-------
Melee: Spear             |   127 |    28 ||   155
 Cast: Infusion          |     9 |     3 ||    12
       Shroud of Golubri |       |     1 ||     1
 Stab: Sleeping          |     1 |       ||     1
  Eat: Chunk             |     1 |     1 ||     2
Armor: Leather armour    |    43 |     1 ||    44
Dodge: Dodged            |    88 |    17 ||   105
